 Dungeon Crawl Stone Soup version 0.25.1-2-g60ff931df9 (webtiles) character file.

Game seed: 398451265749989613

21516 Johnny the Earth Mage (level 12, 0/81 HPs)
             Began as a Demigod Earth Elementalist on Oct 25, 2020.
             Slain by a meliai
             ... wielding a +0 war axe
              (5 damage)
             ... while paralysed by a meliai
             ... on level 14 of the Dungeon.
             The game lasted 00:22:54 (18532 turns).

Johnny the Earth Mage (Demigod Earth Elementalist) Turns: 18532, Time: 00:22:55

Health: 0/81       AC:  8    Str: 11    XL:     12   Next: 24%
Magic:  36/39      EV:  2    Int: 31    God:
Gold:   989        SH:  0    Dex: 16    Spells: 1/31 levels left

rFire    . . .     SeeInvis .   C - +5 whip (elec)
rCold    + . .     Gourm    .   (no shield)
rNeg     . . .     Faith    .   q - +0 ring mail
rPois    .         Spirit   .   a - +1 helmet
rElec    .         Reflect  .   (no cloak)
rCorr    .         Harm     .   (no gloves)
MR       +....                  r - +0 pair of boots
Stlth    +.........             x - amulet of the acrobat
HPRegen  0.23/turn              j - ring of magical power
MPRegen  0.26/turn              h - ring "Kuph" {rC+ EV+4 Int+4}

@: paralysed, studying Dodging
A: high mp 1
a: no special abilities


You were on level 14 of the Dungeon.
You were not hungry.

You visited 1 branch of the dungeon, and saw 14 of its levels.
You also visited: Sewer and Bailey.

You collected 4983 gold pieces.
You spent 3994 gold pieces at shops.

Inventory:

Hand Weapons
 C - a +5 whip of electrocution (weapon)
Missiles
 b - 26 stones (quivered)
Armour
 a - a +1 helmet (worn)
 n - a +0 kite shield
 q - a +0 ring mail (worn)
 r - a +0 pair of boots (worn)
Jewellery
 c - an uncursed ring of protection from cold
 h - the ring "Kuph" (right hand) {rC+ EV+4 Int+4}
   (You acquired it in a bailey)

   [ring of evasion]

   It affects your evasion (+4).
   It affects your intelligence (+4).
   It protects you from cold.
 j - a ring of magical power (left hand)
 s - an uncursed ring of protection from cold
 x - an amulet of the acrobat (around neck)
 G - an uncursed ring of positive energy
 L - a +4 ring of evasion {unknown}
Scrolls
 e - a scroll of magic mapping
 f - 3 scrolls of remove curse
 g - 4 scrolls of enchant armour
 m - 10 scrolls of teleportation
 p - 2 scrolls of fear
 y - a scroll of fog
 z - 2 scrolls of noise
 D - 2 scrolls of amnesia
 H - 2 scrolls of blinking
 N - a scroll of identify
Potions
 i - 2 potions of flight
 k - 9 potions of curing
 l - 7 potions of haste
 o - a potion of berserk rage
 t - 2 potions of magic {unknown}
 u - 3 potions of mutation
 v - 2 potions of lignification
 w - 4 potions of invisibility
 A - 3 potions of brilliance
 B - 2 potions of might
 E - a potion of stabbing {unknown}
 F - a potion of heal wounds {unknown}
 I - 2 potions of ambrosia {unknown}
 J - a potion of cancellation {unknown}
Books
 K - a manual of Dodging
Comestibles
 d - 29 rations
 M - 4 chunks of flesh


   Skills:
 - Level 1.7 Dodging
 - Level 1.7 Stealth
 + Level 3.6 Shields
 + Level 10.3 Spellcasting
 - Level 0.8 Transmutations
 * Level 15.0 Earth Magic


You had one spell level left.
You knew the following spells:

 Your Spells              Type           Power        Failure   Level  Hunger
a - Sandblast             Erth           ######       0%          1    None
b - Stone Arrow           Conj/Erth      ######       1%          3    None
c - Lee's Rapid Deconstr  Erth           #######...   1%          5    ###....
d - Petrify               Tmut/Erth      ######..     3%          4    None
e - Blink                 Tloc           N/A          12%         2    None
f - Iron Shot             Conj/Erth      ######....   47%         6    #####..
g - Shatter               Erth           #######...   100%        9    #######

Your spell library contained the following spells:

 Spells                   Type           Power        Failure   Level  Hunger
 Infusion                 Chrm           ###.         8%          1    None
 Magic Dart               Conj           ###.         8%          1    None
 Passwall                 Tmut/Erth      ######..     1%          2    None
 Leda's Liquefaction      Hex/Erth       ######....   3%          4    None
 Call Imp                 Summ           ###.....     12%         2    None
 Shroud of Golubria       Chrm/Tloc      ###...       12%         2    None
 Slow                     Hex            ###.....     12%         2    None
 Song of Slaying          Chrm           ###.....     12%         2    None
 Conjure Flame            Conj/Fire      ###.....     24%         3    None
 Mephitic Cloud           Conj/Pois/Air  ###.....     24%         3    None
 Ozocubu's Armour         Chrm/Ice       ###.....     24%         3    None
 Spectral Weapon          Hex/Chrm       ###.....     24%         3    None
 Bolt of Magma            Conj/Fire/Erth #####.....   26%         5    ###....
 Statue Form              Tmut/Erth      ######...    41%         6    #####..
 Cause Fear               Hex            ###.......   61%         4    None
 Yara's Violent Unravell  Hex/Tmut       ###.......   87%         5    ###....
 Silence                  Hex/Air        ###.......   91%         5    ###....
 Discord                  Hex            ###.......   100%        8    #######


Dungeon Overview and Level Annotations

Branches:
Dungeon (14/15)            Temple (0/1) D:6            Lair (0/6) D:9
    Orc (0/2) D:9           Sewer (visited)          Bailey (visited)
 Vaults: D:13-14

Shops:
D:4 *   D:5 %   D:9 :[*   D:11 !   D:14 :

Annotations:
D:6 1 runed translucent door, Quickbrownfox's ghost, novice GrIE
D:13 exclusion: obsidian statue


Innate Abilities, Weirdness & Mutations

You have an increased reservoir of magic. (+10% MP)


Message History

Something smites you! The meliai hits you with a +0 hand axe!
The meliai stings you. The meliai hits you with a +0 hand axe.
The meliai stings you but does no damage.
The meliai hits you with a +0 hand axe.
The meliai stings you but does no damage.
The meliai hits you with a +0 hand axe. The meliai stings you.
The meliai calls down the wrath of its god upon you.
Something smites you!
The meliai zaps a wand.
You suddenly lose the ability to move!
The meliai hits you with a +0 hand axe!
* * * LOW HITPOINT WARNING * * *
The meliai stings you.
* * * LOW HITPOINT WARNING * * *
The meliai hits you with a +0 hand axe.
* * * LOW HITPOINT WARNING * * *
The meliai stings you.
* * * LOW HITPOINT WARNING * * *
The meliai hits you with a +0 war axe!
* * * LOW HITPOINT WARNING * * *
The meliai stings you.
You die...

#####.#...# #...#..#
#..###≈..≈## ..##
#+###..............#
.....#####......
############ .....'.#
#..>..###.#...<...#
.....#..#
#..<..#.'.#.#.#####
.....##.#
#.....#.#.#.#.....#
.....#
...+....y#.#.#.#####.#
.....#
###....y@.#.#.#...#.#
.....#
#....y###.#.#.#.#.#
.....# #.†...
#..)..#...# ######
#..... #####)#####
#..... #.# ####+#
#.#### #....#
####.#### #.......#


You could see 3 meliai.

Vanquished Creatures
  An orc warlord (Bailey)
  A centaur warrior (D:13)
  A hydra (D:14)
  2 two-headed ogres
  Pikel (D:4)
  3 orc knights (Bailey)
  2 cyclopes (D:10)
  An ice statue (D:9)
  Psyche (D:9)
  An efreet (D:14)
  4 trolls
  2 hippogriffs
  2 redbacks (D:14)
  A shadow (D:11)
  6 yaks
  2 wyverns
  Sigmund (D:2)
  3 hogs (D:8)
  A basilisk (D:14)
  A human (D:8)
  3 hungry ghosts
  An acid dragon (D:12)
  A soldier ant (D:14)
  An ice beast (D:5)
  22 orc warriors
  4 sky beasts
  2 slaves (D:4)
  2 black bears
  4 phantoms
  4 boggarts (D:14)
  7 ogres
  14 centaurs
  A crocodile (Sewer)
  3 bullfrogs
  2 big kobolds
  3 scorpions
  A wyvern skeleton (D:10)
  3 troll zombies (D:9)
  11 killer bees
  23 wights
  13 howler monkeys
  4 crimson imps
  9 hounds
  A quasit (D:6)
  12 orc priests
  3 bullfrog skeletons
  3 jellies
  18 orc wizards
  3 iguanas
  11 worker ants
  5 ogre zombies (D:9)
  A hound zombie (D:6)
  A hound skeleton (D:8)
  A howler monkey zombie (D:8)
  2 worker ant zombies
  12 gnolls
  A howler monkey skeleton (D:4)
  11 adders
  A shadow imp (D:14)
  2 adder skeletons
  10 worms
  2 dart slugs
  14 leopard geckos
  93 orcs
  8 giant cockroaches
  26 goblins
  21 hobgoblins
  9 jackals
  2 quokkas
  2 ball pythons
  4 bats
  4 frilled lizards
  2 goblin skeletons (D:9)
  A goblin zombie (D:9)
  A hobgoblin skeleton (D:9)
  3 hobgoblin zombies (D:9)
  17 kobolds
  A leopard gecko zombie (D:8)
  2 orc skeletons (D:9)
  16 orc zombies (D:9)
  A quokka skeleton (D:5)
  4 rats
506 creatures vanquished.

Vanquished Creatures (others)
  A slave (D:4)
  An orc wizard (D:4)
  An ooze (D:4)
  An orc (D:4)
  A withered plant (D:6)
5 creatures vanquished.

Grand Total: 511 creatures vanquished

Notes
Turn   | Place    | Note
-------+----------+-------------------------------------------
     0 | D:1      | Johnny the Demigod Earth Elementalist began the quest for
                  | the Orb.
     0 | D:1      | Reached XP level 1. HP: 14/14 MP: 5/5
   140 | D:1      | Reached skill level 3 in Earth Magic
   293 | D:1      | Reached XP level 2. HP: 20/20 MP: 7/7
   825 | D:2      | Reached XP level 3. HP: 26/26 MP: 3/9
  1300 | D:2      | Noticed Sigmund
  1571 | D:2      | Killed Sigmund
  1571 | D:2      | Reached skill level 4 in Earth Magic
  1571 | D:2      | Reached XP level 4. HP: 27/33 MP: 4/11
  1571 | D:2      | Reached XP level 5. HP: 31/38 MP: 4/12
  1890 | D:2      | Found a basalt altar of Yredelemnul.
  1983 | D:2      | Reached skill level 5 in Earth Magic
  2339 | D:2      | Found a shimmering blue altar of Sif Muna.
  2506 | D:3      | Found a stormy altar of Qazlal.
  2524 | D:3      | Noticed an ogre
  2598 | D:3      | Found a shimmering blue altar of Sif Muna.
  3007 | D:3      | Found a glowing drain.
  3010 | Sewer    | Entered a sewer
  3195 | Sewer    | Reached XP level 6. HP: 16/45 MP: 8/14
  4223 | D:4      | Reached skill level 6 in Earth Magic
  4549 | D:4      | Reached XP level 7. HP: 50/50 MP: 14/16
  4707 | D:4      | Noticed Pikel
  4724 | D:4      | Killed Pikel
  4724 | D:4      | Reached skill level 7 in Earth Magic
  4948 | D:4      | Found Oschiuti's Assorted Antiques.
  5273 | D:4      | Reached skill level 5 in Spellcasting
  5273 | D:4      | Reached skill level 8 in Earth Magic
  5273 | D:4      | Reached XP level 8. HP: 57/57 MP: 15/19
  5558 | D:5      | Entered Level 5 of the Dungeon
  5588 | D:5      | Found Teuluej's Food Emporium.
  5646 | D:5      | Learned a level 3 spell: Stone Arrow
  5652 | D:5      | Learned a level 5 spell: Lee's Rapid Deconstruction
  5657 | D:5      | Learned a level 4 spell: Petrify
  6011 | D:5      | Found an opulent altar of Gozag.
  6011 | D:5      | Found a stormy altar of Qazlal.
  6027 | D:5      | Found a snail-covered altar of Cheibriados.
  6029 | D:5      | Found a faded altar of an unknown god.
  6031 | D:5      | Found a faded altar of an unknown god.
  6433 | D:6      | Reached skill level 9 in Earth Magic
  6624 | D:6      | Found a runed translucent door.
  6624 | D:6      | Noticed Quickbrownfox's ghost (novice GrIE)
  6674 | D:6      | Found a shadowy altar of Dithmenos.
  7162 | D:6      | Found a staircase to the Ecumenical Temple.
  7184 | D:6      | Reached XP level 9. HP: 61/62 MP: 18/22
  7331 | D:6      | Found a shattered altar of Ashenzari.
  7787 | D:7      | Reached skill level 10 in Earth Magic
  8077 | D:7      | Found a glowing silver altar of Zin.
  8804 | D:7      | Found a hazy altar of Hepliaklqana.
  8855 | D:7      | Found a radiant altar of Vehumet.
  8855 | D:7      | Found a hide-covered altar of Uskayaw.
  9250 | D:8      | Reached skill level 11 in Earth Magic
  9647 | D:8      | Found a white marble altar of Elyvilon.
  9802 | D:8      | Paralysed by a big kobold for 4 turns
  9912 | D:8      | Found an ancient bone altar of Kikubaaqudgha.
 10012 | D:8      | Reached XP level 10. HP: 69/69 MP: 18/25
 10525 | D:9      | Reached skill level 12 in Earth Magic
 10877 | D:9      | Found a staircase to the Orcish Mines.
 11260 | D:9      | Noticed Psyche
 11263 | D:9      | Killed Psyche
 11378 | D:9      | Found Xuthaez's Armour Shop.
 11713 | D:9      | Found Supups's General Store.
 11717 | D:9      | Bought a scroll of identify for 34 gold pieces
 11717 | D:9      | Bought a scroll of identify for 34 gold pieces
 11717 | D:9      | Bought a scroll of identify for 34 gold pieces
 11720 | D:9      | Bought 21 stones for 35 gold pieces
 11925 | D:9      | Noticed an ice statue
 11928 | D:9      | Killed an ice statue
 12043 | D:9      | Found a staircase to the Lair.
 12617 | D:9      | Found Ygrihuopn's Book Emporium.
 12636 | D:10     | Entered Level 10 of the Dungeon
 12762 | D:10     | Found a flagged portal.
 12774 | Bailey   | Entered a bailey
 13015 | Bailey   | Noticed an orc knight
 13045 | Bailey   | Killed an orc knight
 13332 | Bailey   | Noticed an orc knight
 13333 | Bailey   | Noticed an orc warlord
 13340 | Bailey   | Killed an orc knight
 13340 | Bailey   | Reached skill level 13 in Earth Magic
 13408 | Bailey   | Killed an orc warlord
 13408 | Bailey   | Reached XP level 11. HP: 74/74 MP: 0/28
 13793 | Bailey   | Noticed an orc knight
 13817 | Bailey   | Killed an orc knight
 14116 | Bailey   | Identified 2 scrolls of acquirement
 14120 | Bailey   | Acquired the ring "Kuph" {rC+ EV+4 Int+4}
 14124 | Bailey   | Acquired 4250 gold pieces
 14179 | D:10     | You fall into a shaft and drop 3 floors!
 14180 | D:13     | Noticed an obsidian statue
 14240 | D:13     | Noticed a two-headed ogre
 14240 | D:13     | Noticed a two-headed ogre
 14254 | D:13     | Noticed a sun demon
 14255 | D:13     | Noticed a centaur warrior
 14257 | D:13     | Killed a centaur warrior
 14632 | D:11     | Noticed a two-headed ogre
 14637 | D:11     | Killed a two-headed ogre
 14637 | D:11     | Reached skill level 14 in Earth Magic
 15479 | D:10     | Reached skill level 1 in Shields
 16673 | D:11     | Found a roughly hewn altar of Beogh.
 16967 | D:11     | Reached skill level 10 in Spellcasting
 17045 | D:11     | Found Xodeotaa's Distillery.
 17210 | D:11     | Bought a potion of brilliance for 68 gold pieces
 17210 | D:11     | Bought a potion of curing for 51 gold pieces
 17210 | D:11     | Bought a potion of mutation for 136 gold pieces
 17210 | D:11     | Bought 2 potions of invisibility for 272 gold pieces
 17210 | D:11     | Bought a potion of curing for 51 gold pieces
 17210 | D:11     | Bought a potion of curing for 51 gold pieces
 17210 | D:11     | Bought a potion of curing for 51 gold pieces
 17210 | D:11     | Bought a potion of haste for 170 gold pieces
 17210 | D:11     | Bought a potion of haste for 170 gold pieces
 17210 | D:11     | Bought a potion of lignification for 51 gold pieces
 17210 | D:11     | Bought a potion of flight for 51 gold pieces
 17279 | D:11     | Reached XP level 12. HP: 62/81 MP: 27/30
 17406 | D:11     | You fall into a shaft and drop 3 floors!
 17429 | D:14     | Found Irgheph's Book Boutique.
 17432 | D:14     | Bought a manual of Dodging for 1545 gold pieces
 17432 | D:14     | Bought a book of the Earth for 910 gold pieces
 17439 | D:14     | Learned a level 6 spell: Iron Shot
 17450 | D:14     | Learned a level 9 spell: Shatter
 17451 | D:14     | Bought a book of Minor Magic for 280 gold pieces
 17455 | D:14     | Learned a level 2 spell: Blink
 18005 | D:14     | Noticed a seven-headed hydra
 18014 | D:14     | Killed a seven-headed hydra
 18415 | D:14     | Reached skill level 15 in Earth Magic
 18531 | D:14     | Paralysed by a meliai for 5 turns
 18532 | D:14     | Slain by a meliai

Illustrated notes

Levels and vault maps discovered:
D:1:      minmay_arrival_glassed_features, layout_rooms,
          chequers_serial_rivers_room_a
D:2:      layout_basic, lemuel_round_altar, lemuel_blue_sif_altar, uniq_sigmund
D:3:      cheibrodos_helix_gallery, layout_loops_ring,
          nicolae_overflow_crystal_walls, first_ration,
          lightli_sewer_entry_pipes, grunt_qazlal_sundering
D:4:      layout_rooms, serial_shops, kennysheep_mini_moat, uniq_pikel
D:5:      layout_loops_cross, chequers_temple_overflow_minitemple, serial_shops,
          shop
D:6:      layout_basic, kennysheep_mini, nicolae_ashenzari_panopticon,
          temple_green, gammafunk_ghost_grave
D:7:      layout_loops_cross, nicolae_overflow_hidden_temple, marbit_many_paths,
          gammafunk_temple_overflow_wave
D:8:      layout_loops_ring, elyvilon_altar_3, kiku_gazebo_garden_becter,
          grunt_livestock
D:9:      minmay_statue_hallways, layout_small_grid, lair_entry_dummy,
          zombieorc2_lemuel, serial_shops, shop, kennysheep_little_box, shop,
          uniq_psyche
D:10:     layout_stronghold, enter_bailey_2, kennysheep_small_circle
D:11:     layout_small_grid, special_room [special_room_orc], serial_shops, shop
D:12:     layout_irregular_city, lightli_church_of_beogh
D:13:     layout_long_grid, david_vaults_2, minivault_16
D:14:     layout_roguey, fountainhead, serial_shops, shop

Skill      XL: |  1  2  3  4  5  6  7  8  9 10 11 12 |
---------------+-------------------------------------+-----
Spellcasting   | 2 3 4 5 6 7 8 10 | 10.3
Earth Magic    | 3 4 5 6 8 9 11 13 14 15 | 15.0
Shields        | 2 3 |  3.6
Dodging        | |  1.7
Stealth        | |  1.7
Transmutations | |  0.8

Action                   |  1- 3 |  4- 6 |  7- 9 | 10-12 || total
-------------------------+-------+-------+-------+-------++-------
Melee: Short sword       |    62 |   168 |     5 |       ||   235
       Dagger            |     1 |       |       |       ||     1
       Whip              |       |       |   229 |   222 ||   451
 Cast: Sandblast         |    18 |    52 |   138 |   115 ||   323
       Lee's Rapid Decon |       |       |       |    83 ||    83
       Stone Arrow       |       |       |       |   105 ||   105
       Petrify           |       |       |       |     6 ||     6
Evoke: Wand              |       |       |       |    18 ||    18
  Use: Scroll            |       |       |    13 |    14 ||    27
       Potion            |       |       |       |     3 ||     3
 Stab: Sleeping          |     1 |     1 |     1 |       ||     3
       Distracted        |     1 |       |     1 |       ||     2
       Paralysed         |       |       |       |     6 ||     6
       Petrified         |       |       |       |     4 ||     4
  Eat: Chunk             |     2 |     6 |    17 |    28 ||    53
       Ration            |       |     1 |       |     4 ||     5
Armor: Robe              |     6 |       |       |       ||     6
       Ring mail         |     6 |    61 |   114 |    83 ||   264
Dodge: Dodged            |    48 |    86 |   148 |   244 ||   526
